 Dungeon Sprint DCSS version 0.29-a0-717-g6dac4ea423 (webtiles) character file.

Game seed: 11752563851687301617

24 mhtbhm the Vexing (level 2, -6/11 HPs)
             Began as a Felid Enchanter on June 26, 2022.
             Was an Initiate of Dithmenos.
             Mangled by a yak (17 damage)
             ... in the Dungeon (Sprint I: "Red Sonja").
             The game lasted 00:00:26 (181 turns).

mhtbhm the Vexing (Felid Enchanter)                  Turns: 181, Time: 00:00:28

Health: -6/11      AC:  1    Str:  4    XL:     2   Next: 79%
Magic:  2/6        EV: 18    Int: 16    God:    Dithmenos [......]
Gold:   0          SH:  0    Dex: 16    Spells: 4/6 levels left
                                        Lives:  0   Deaths: 0

rFire   . . .      SeeInvis +     - Unarmed
rCold   . . .      Faith    .   (shield unavailable)
rNeg    . . .      Spirit   .   (body armour unavailable)
rPois   .          Reflect  .   (helmet unavailable)
rElec   .          Harm     .   (cloak unavailable)
rCorr   .          Rampage  .   (gloves unavailable)
Will    .....      NoTele   +   (boots unavailable)
Stlth   +++.......              (no amulet)
HPRegen 0.03/turn               (no ring)
MPRegen 0.10/turn               (no ring)

@: invisible, quick
A: very small, claws 1, fangs 3, see invisible, speed 1, shaggy fur 1, stealthy
paws, no weapons or thrown items, no armour, multi-lived
a: Renounce Religion


You were in the Dungeon.
You worshipped Dithmenos.
Dithmenos was noncommittal.
You visited 1 branch

Inventory:

Wands
 f - a wand of digging (6)
Scrolls
 g - a scroll of blinking
Potions
 a - a potion of invisibility
 b - 2 potions of curing
 c - a potion of heal wounds
 d - a potion of haste
 e - 2 potions of magic


   Skills:
 + Level 3.6 Dodging
 + Level 6.0 Stealth
 + Level 1.2 Unarmed Combat
 + Level 2.8 Spellcasting
 + Level 6.7 Hexes


You had 4 spell levels left.
You knew the following spells:

 Your Spells              Type           Power      Damage    Failure   Level
a - Ensorcelled Hibernat  Hex/Ice        26%        N/A       7%          2

Your spell library contained the following spells:

 Spells                   Type           Power      Damage    Failure   Level
 Confusing Touch          Hex            23%        N/A       3%          3
 Tukima's Dance           Hex            23%        N/A       3%          3
 Dazzling Flash           Conj/Hex       26%        N/A       14%         3


Dungeon Overview and Level Annotations

Branches:
Dungeon (1/1)

Altars:
Cheibriados
Dithmenos
Elyvilon
Fedhas
Gozag
Hepliaklqana
Kikubaaqudgha
Nemelex Xobeh
Okawaru
Qazlal
Ru
Trog
Uskayaw
Yredelemnul
Zin
The Shining One

Shops:
D [


Innate Abilities, Weirdness & Mutations

You have sharp claws.
You have razor-sharp teeth.
You have supernaturally acute eyesight. (SInv)
You cover ground quickly. (Speed+)
You are covered in fur. (AC +1)
Your paws help you pounce on unaware monsters.
You are incapable of wielding weapons or throwing items.
You cannot wear armour.
You gain extra lives every three experience levels.


Message History

A rock wall.
The rock shatters into small pieces.
Found eight altars.
A yak comes into view.
Found 54 gold pieces.
Found Pikimpi's Armour Emporium.
Found eight altars.
There is a basalt altar of Yredelemnul here.
There is a shadowy altar of Dithmenos here.
You sit before the altar of Dithmenos.
Dithmenos welcomes you!
Casting: Ensorcelled Hibernation (safe; 7% risk of failure)
Confirm with . or Enter, or press ? or * to list all spells.
Aiming: Ensorcelled Hibernation (safe; 7% risk of failure)
Press: ? - help, Shift-Dir - straight line, f - yak
Aim: a yak (chance to affect: 47%)
The yak resists with some effort.
Casting: Ensorcelled Hibernation (safe; 7% risk of failure)
Confirm with . or Enter, or press ? or * to list all spells.
Aiming: Ensorcelled Hibernation (safe; 7% risk of failure)
Press: ? - help, Shift-Dir - straight line, f/p - yak
Aim: a yak (chance to affect: 47%)
The yak looks drowsy...
There is a sacrificial altar of Ru here.
The helpless yak fails to defend itself.
You mangle the yak!!
The yak is heavily wounded.
The yak misses you.
Unknown command.
Press < or > to pray at altars.
You fade into invisibility!
The yak closely misses you.
You scratch the yak.
The yak is heavily wounded.
The yak closely misses you.
You catch the helpless yak completely off-guard!
You claw the yak! You claw the yak, but do no damage.
You bite the yak, but do no damage.
The yak is severely wounded.
The yak gores you!
Ouch! That really hurt!
You die...

#<.#.)+
#..'..#
#..####
#..####
#..#__####
#..#_____##
#⌠⌠#_.∩...+
###._..__#
#$$#_@Y__#
##########


You could see a yak (can't see you).

Vanquished Creatures
  Ijyb (D)
1 creature vanquished.

Notes
Turn   | Place    | Note
-------+----------+-------------------------------------------
     0 | D        | mhtbhm the Felid Enchanter began the quest for the Orb.
     0 | D        | Reached XP level 1. HP: 7/7 MP: 4/4
     4 | D        | Noticed Ijyb
    10 | D        | Killed Ijyb
    11 | D        | Reached XP level 2. HP: 11/11 MP: 4/6
   162 | D        | Learned a level 2 spell: Ensorcelled Hibernation
   170 | D        | Found a basalt altar of Yredelemnul.
   170 | D        | Found a hide-covered altar of Uskayaw.
   170 | D        | Found a hazy altar of Hepliaklqana.
   170 | D        | Found a shadowy altar of Dithmenos.
   170 | D        | Found a sacrificial altar of Ru.
   170 | D        | Found a snail-covered altar of Cheibriados.
   170 | D        | Found an opulent altar of Gozag.
   170 | D        | Found a sparkling altar of Nemelex Xobeh.
   171 | D        | Found an ancient bone altar of Kikubaaqudgha.
   171 | D        | Found Pikimpi's Armour Emporium.
   171 | D        | Found a glowing golden altar of the Shining One.
   171 | D        | Found an iron altar of Okawaru.
   171 | D        | Found a bloodstained altar of Trog.
   171 | D        | Found a blossoming altar of Fedhas.
   171 | D        | Found a stormy altar of Qazlal.
   171 | D        | Found a white marble altar of Elyvilon.
   171 | D        | Found a glowing silver altar of Zin.
   171 | D        | Noticed a yak
   174 | D        | Became a worshipper of Dithmenos the Shadowed
   181 | D        | Mangled by a yak

Illustrated notes

Levels and vault maps discovered:
D:        dungeon_sprint_1 [red_sonja_temple_1, red_sonja_temple_small_1]

Skill      XL: |  1 |
---------------+----+-----
Dodging        | 3 |  3.6
Stealth        | 6 |  6.0
Hexes          | 6 |  6.7
Unarmed Combat | |  1.2
Spellcasting   | |  2.8

Action                   || total
-------------------------++-------
Melee: Unarmed           ||     6
       Punch             ||     1
       Bite              ||     1
 Cast: Ensorcelled Hiber ||     2
Evoke: Wand              ||     1
  Use: Potion            ||     2
 Stab: Sleeping          ||     2
       Invisible         ||     1
Dodge: Dodged            ||     5

Table legend: (Time is in decaauts)
 A = Elapsed time spent in this place.
 B = Non-inter-level travel time spent in this place.
 C = Inter-level travel time spent in this place.
 D = Time resting spent in this place.
 E = Time spent auto-exploring this place.
 F = Levels seen in this place.
 G = Mean time per level.
                   A        B        C        D        E       F      G
               +--------+--------+--------+--------+--------+-----+--------+
         Total |    189 |    189 |      0 |    158 |      0 |   1 |  189.0 |
       Dungeon |    189 |    189 |      0 |    158 |      0 |   1 |  189.0 |
               +--------+--------+--------+--------+--------+-----+--------+

Top non-repeatable levels by time:
       D: 189 daAuts
